 Dungeon Crawl Stone Soup version 0.24-a0-644-g049a785 (webtiles) character file.

Game seed: 17502143797760930196, levelgen mode: deterministic

129 JeffiDaFish the Firebug (level 4, -7/35 HPs)
             Began as a Draconian Fire Elementalist on Sept 26, 2019.
             Mangled by Sigmund
             ... wielding a +0 scythe
              (10 damage)
             ... on level 3 of the Dungeon.
             The game lasted 00:08:56 (3178 turns).

JeffiDaFish the Firebug (DrFE)                      Turns: 3178, Time: 00:08:56

Health: -7/35      AC:  5    Str: 13    XL:     4   Next: 88%
Magic:  6/8        EV:  8    Int: 16    God:
Gold:   117        SH:  0    Dex: 13    Spells: 1/9 levels left

rFire    . . .     SeeInvis .   i - +0 rapier
rCold    . . .     Gourm    .   f - +2 buckler
rNeg     . . .     Faith    .   (armour unavailable)
rPois    .         Spirit   .   c - +0 hat
rElec    .         Reflect  .   (no cloak)
rCorr    .         Harm     .   (no gloves)
MR       .....                  (no boots)
Stlth    +.........             (no amulet)
HPRegen  0.11/turn              (no ring)
MPRegen  0.11/turn              (no ring)

@: confused, lethally poisoned (-7 -> -8), constricted
A: unfitting armour, agile 1, blurry vision 1, strong 1, cold-blooded, AC +5
a: no special abilities


You were on level 3 of the Dungeon.
You were hungry.

You visited 1 branch of the dungeon, and saw 3 of its levels.

You collected 117 gold pieces.

Inventory:

Hand Weapons
 a - a +1 short sword
 i - a +0 rapier (weapon)
Armour
 c - a +0 hat (worn)
 f - a +2 buckler (worn)
Scrolls
 e - 4 scrolls of identify
 g - 2 scrolls of enchant weapon
 k - a scroll of remove curse
 m - a scroll of enchant armour {unknown}
Potions
 d - a potion of resistance
 h - a potion of flight
 j - a potion of curing
Comestibles
 b - 9 rations
 l - 2 chunks of flesh


   Skills:
 - Level 1.3 Fighting
 - Level 1.7 Dodging
 - Level 1.7 Stealth
 + Level 1.2 Shields
 * Level 3.1 Spellcasting
 + Level 2.0 Conjurations
 * Level 3.9 Fire Magic


You had one spell level left.
You knew the following spells:

 Your Spells              Type           Power        Failure   Level  Hunger
a - Flame Tongue          Conj/Fire      ##...        8%          1    #......
b - Conjure Flame         Conj/Fire      ##......     22%         3    ###....
c - Sticky Flame          Conj/Fire      ##......     58%         4    #####..

Your spell library contained the following spells:

 Spells                   Type           Power        Failure   Level  Hunger
 Throw Flame              Conj/Fire      ##....       12%         2    ##.....
 Inner Flame              Hex/Fire       #.......     34%         3    ###....
 Fireball                 Conj/Fire      ##........   91%         5    ######.


Dungeon Overview and Level Annotations

Branches:
Dungeon (3/15)

Altars:
Gozag
Zin

Annotations:
D:3 Sigmund


Innate Abilities, Weirdness & Mutations

Your plain brown scales are hard. (AC +5)
You cannot fit into any form of body armour.
You are cold-blooded and may be slowed by cold attacks.
You are agile. (Dex +2)
Scrolls take you a little longer to read.
Your muscles are strong. (Str +2)


Message History

The ball python hisses angrily.
You feel sick. You block the ball python's attack.
The ball python closely misses you. The ball python misses you.
The ball python grabs you. The ball python constricts you.
You escape the ball python's grasp.
You hear some strange, mumbled words.
You are confused.
You bump into the rock wall.
The kobold misses you.
The ball python bites you but does no damage.
The ball python closely misses you.
You feel sick. Something hits you.
* * * LOW HITPOINT WARNING * * *
The kobold hits you but does no damage. The kobold barely misses you.
You are feeling hungry.
The ball python closely misses you. The ball python grabs you.
* * * LOW HITPOINT WARNING * * *
The ball python constricts you. The kobold hits you but does no damage.
Something hits you!
You die...

###### .### #....# ...
#.##.############.####
....)................#
.........#..#.....#
.........#........##.#
....#....#.....#.....#
##....[........KS#######
#.###.#.......K@......# #.#
#.#......((#.####.#######
##.###........#...........>..####
..).....#.##).#.._.......#.......
.÷.........#..#........#.#.......
....♣♣...###..#.#...####.#.......
.....♣..## #..#...#.# #.#.......
.....♣..# #..#..##.# #.#####÷..
....♣...# #..#.....# ... #...


You could see a ball python and 2 kobolds.

Vanquished Creatures
  6 adders
  An ooze (D:1)
  3 worms
  A dart slug (D:2)
  5 leopard geckos
  An orc (D:3)
  2 bats
  2 giant cockroaches (D:2)
  5 goblins
  5 hobgoblins
  7 jackals
  7 kobolds
  A quokka (D:3)
  3 frilled lizards
  4 rats (D:1)
53 creatures vanquished.

Notes
Turn   | Place    | Note
-------+----------+-------------------------------------------
     0 | D:1      | JeffiDaFish the Draconian Fire Elementalist began the quest
                  | for the Orb.
     0 | D:1      | Reached XP level 1. HP: 14/14 MP: 3/3
   348 | D:1      | Reached XP level 2. HP: 20/22 MP: 5/5
  1113 | D:2      | Reached XP level 3. HP: 22/27 MP: 6/6
  1185 | D:2      | Reached skill level 1 in Fighting
  1190 | D:2      | Learned a level 3 spell: Conjure Flame
  1226 | D:2      | Gained mutation: Your muscles are strong. (Str +2) [potion
                  | of mutation]
  1226 | D:2      | Gained mutation: Scrolls take you a little longer to read.
                  | [potion of mutation]
  1226 | D:2      | Gained mutation: You are agile. (Dex +2) [potion of
                  | mutation]
  1763 | D:2      | Reached XP level 4. HP: 14/35 MP: 0/8
  2176 | D:1      | Reached skill level 1 in Shields
  2377 | D:1      | Learned a level 4 spell: Sticky Flame
  2728 | D:2      | Found a glowing silver altar of Zin.
  2858 | D:3      | Found an opulent altar of Gozag.
  2992 | D:3      | Noticed Sigmund
  3178 | D:3      | Mangled by Sigmund

Levels and vault maps discovered:
D:1:      tarquinn_simple_flora_water_a, layout_loops_ring
D:2:      layout_loops_corners, zin_statuary, first_ration
D:3:      layout_basic, nicolae_gozag_seed_capital, led_sif_pool,
          chequers_garden, uniq_sigmund

Skill      XL: |  1  2  3  4 |
---------------+-------------+-----
Fighting       | 1 |  1.3
Shields        | 1 |  1.2
Spellcasting   | 3 |  3.1
Conjurations   | 2 |  2.0
Dodging        | |  1.7
Stealth        | |  1.7
Fire Magic     | |  3.9

Action                   |  1- 3 |  4- 6 || total
-------------------------+-------+-------++-------
Melee: Unarmed           |    33 |       ||    33
       Tailslap          |     4 |     3 ||     7
       Short sword       |    60 |    24 ||    84
       Rapier            |       |    19 ||    19
 Cast: Flame Tongue      |    45 |    36 ||    81
       Conjure Flame     |       |     1 ||     1
  Use: Potion            |     4 |     3 ||     7
       Scroll            |     7 |     1 ||     8
 Stab: Sleeping          |     1 |       ||     1
  Eat: Chunk             |     3 |     5 ||     8
Armor: Skin              |    26 |    18 ||    44
Dodge: Dodged            |    68 |    46 ||   114
Block: Buckler           |    12 |    25 ||    37

Table legend:
 A = Non-vault XP
 B = Vault XP
 C = Vault XP percentage of total XP
 D = Non-vault monster count
 E = Vault monster count
 F = Vault count percentage of total count
                 A         B        C        D         E       F
            +---------+---------+-------+---------+---------+-------
      Total |     185 |       0 |   0.0 |      53 |       0 |   0.0
            +---------+---------+-------+---------+---------+-------
        D:1 |      41 |       0 |   0.0 |      18 |       0 |   0.0
        D:2 |     104 |       0 |   0.0 |      27 |       0 |   0.0
        D:3 |      40 |       0 |   0.0 |       8 |       0 |   0.0
            +---------+---------+-------+---------+---------+-------
